Map: Ancient Cistern LE

Players

Krystianer - Winner!

  • Race: Protoss Protoss
  • Spawn Location: 7:00

RagnaroK (SHIN)

  • Race: Zerg Zerg
  • Spawn Location: 1:00

Event: ESL SC2 Masters 2023 Summer (Finals)

VOD

Have the link to the VOD?

Description

Time

  • Played on: June 16, 2023, 11:30 a.m.
  • Length: 10:42

All games in this series

Show
View Real Time Build Order
Export as new Build Order

Krystianer Protoss - Winner!

Build Orders: 1 Gate Expand, Oracle Opening, Archon Immortal, Archon Drop 

Get SALT Encoding   

  12  0:00  Probe  
  13  0:12  Probe  
  14  0:17  Pylon  
  14  0:24  Probe (Chrono Boost)  
  15  0:36  Probe (Chrono Boost)  
  15  0:39  Gateway  
  16  0:44  Probe (Chrono Boost)  
  16  0:46  Assimilator  
  17  0:50  Probe  
  18  1:03  Probe  
  19  1:15  Probe  
  20  1:23  Nexus  
  20  1:35  Cybernetics Core  
  20  1:37  Probe  
  21  1:42  Assimilator  
  21  1:49  Probe  
  21  1:52  Pylon  
  22  2:01  Probe  
  23  2:08  Adept (Chrono Boost)  
  23  2:13  Probe  
  26  2:18  Stargate  
  26  2:22  Warp Gate  
  26  2:27  Probe (Chrono Boost)  
  26  2:28  Adept (Chrono Boost)  
  30  2:37  Probe (Chrono Boost)  
  30  2:43  Probe (Chrono Boost)  
  31  2:45  Probe (Chrono Boost)  
  31  2:50  Probe  
  33  2:51  Probe  
  34  3:00  Oracle (Chrono Boost)  
  34  3:02  Probe  
  34  3:03  Probe  
  39  3:07  Shield Battery  
  39  3:11  Stalker  
  41  3:14  Probe  
  41  3:15  Probe  
  43  3:26  Probe  
  44  3:27  Probe  
  41  3:37  Robotics Facility  
  41  3:39  Probe x2 (Chrono Boost), Assimilator  
  43  3:42  Assimilator  
  43  3:43  Gateway  
  43  3:47  Pylon  
  43  3:51  Probe (Chrono Boost)  
  45  3:56  Probe (Chrono Boost)  
  45  3:59  Probe (Chrono Boost), Twilight Council  
  46  4:05  Probe  
  46  4:06  Probe  
  48  4:16  Gateway x2  
  48  4:17  Probe, Adept  
  48  4:18  Probe  
  48  4:20  Pylon  
  52  4:25  Warp Prism (Chrono Boost)  
  54  4:41  Templar Archives  
  54  4:42  Adept  
  56  4:52  Pylon  
  56  4:54  Nexus  
  56  4:55  Probe  
  56  4:56  Probe  
  58  5:07  Forge  
  58  5:08  Probe  
  58  5:09  Pylon  
  59  5:17  High Templar x4  
  67  5:21  Archon x2  
  67  5:24  Probe x2  
  67  5:25  Pylon  
  69  5:30  Immortal (Chrono Boost)  
  69  5:32  Pylon  
  73  5:36  Probe  
  73  5:37  Probe  
  72  5:43  Protoss Ground Armor Level 1  
  72  5:49  Probe x2 (Chrono Boost)  
  74  5:51  Sentry x2  
  74  6:00  Probe x2 (Chrono Boost)  
  74  6:02  Immortal (Chrono Boost)  
  80  6:05  Probe x2 (Chrono Boost)  
  83  6:11  Probe  
  83  6:12  Zealot x2  
  83  6:15  Probe x2  
  89  6:18  Zealot  
  89  6:19  Zealot  
  89  6:21  Charge (Chrono Boost)  
  89  6:25  Probe  
  94  6:27  Probe x2  
  94  6:28  Assimilator  
  94  6:32  Assimilator  
  96  6:34  Immortal (Chrono Boost)  
  96  6:37  Pylon  
  96  6:39  Sentry  
  102  6:44  Gateway  
  102  6:47  Gateway  
  102  6:50  Probe, Gateway  
  102  6:52  Gateway  
  102  6:53  Probe  
  104  7:05  Photon Cannon  
  104  7:07  Probe, Shield Battery  
  104  7:08  Immortal (Chrono Boost)  
  109  7:11  High Templar  
  109  7:12  High Templar  
  109  7:14  Pylon  
  113  7:16  Pylon, Zealot, Archon  
  115  7:28  Pylon  
  115  7:32  Immortal (Chrono Boost)  
  119  7:42  Zealot x3  
  125  7:45  Zealot  
  125  7:47  Nexus  
  125  7:48  Pylon  
  125  7:50  Zealot  
  125  7:51  Zealot x2  
  133  7:54  Zealot  
  133  7:57  Pylon  
  135  8:03  Protoss Ground Armor Level 2 (Chrono Boost)  
  135  8:07  Pylon  
  135  8:09  Pylon  
  133  8:24  High Templar  
  133  8:25  High Templar x6  
  147  8:29  Zealot, Archon x3  
  147  8:31  Immortal (Chrono Boost), Photon Cannon  
  145  8:35  Pylon  
  145  8:37  Photon Cannon  
  145  8:38  Photon Cannon  
  145  8:43  Probe  
  146  8:55  High Templar  
  146  8:56  Assimilator  
  146  8:57  Immortal (Chrono Boost), Zealot x3  
  146  8:59  Assimilator  
  158  9:04  Probe x2  
  158  9:09  Archon  
  160  9:11  Probe  
  160  9:12  Probe  
  160  9:16  Probe, High Templar x2  
  167  9:17  Zealot x4  
  173  9:26  Shield Battery  
  173  9:28  Archon  
  164  9:32  Immortal (Chrono Boost)  
  164  9:38  Zealot x5  
  159  10:03  Zealot x8  
  159  10:07  Probe  
  154  10:10  Probe  
  129  10:23  Zealot x7  
  129  10:25  Probe  
Show
View Real Time Build Order
Export as new Build Order

RagnaroK Zerg 

Build Orders: Hatch First 

Get SALT Encoding   

  12  0:00  Drone  
  13  0:12  Overlord  
  13  0:16  Drone  
  14  0:30  Drone x2  
  16  0:47  Hatchery  
  15  0:52  Drone  
  15  0:55  Drone  
  17  0:58  Drone  
  18  1:09  Extractor  
  17  1:13  Spawning Pool  
  17  1:16  Drone  
  17  1:19  Drone  
  18  1:28  Drone  
  19  1:39  Drone  
  20  1:49  Drone  
  21  2:00  Queen  
  21  2:01  Queen, Zergling x4  
  27  2:10  Metabolic Boost  
  27  2:11  Overlord  
  27  2:12  Drone  
  28  2:29  Hatchery  
  27  2:31  Drone  
  27  2:33  Drone  
  27  2:35  Drone  
  30  2:38  Drone  
  31  2:44  Queen  
  31  2:49  Overlord  
  33  2:52  Drone  
  33  2:54  Zergling x2  
  33  2:57  Zergling x2  
  36  3:07  Queen, Overlord  
  36  3:12  Drone x2  
  40  3:15  Drone  
  40  3:16  Drone  
  42  3:22  Drone  
  42  3:23  Drone  
  41  3:27  Drone  
  41  3:30  Drone  
  40  3:35  Drone  
  40  3:36  Queen  
  43  3:42  Queen  
  43  3:44  Drone  
  43  3:46  Drone  
  43  3:47  Drone  
  48  3:52  Drone x2  
  50  3:57  Spore Crawler  
  50  3:59  Drone, Spore Crawler  
  49  4:04  Overlord, Drone  
  49  4:07  Drone x2  
  49  4:09  Drone  
  47  4:11  Drone  
  47  4:12  Drone  
  47  4:14  Drone  
  47  4:16  Drone  
  51  4:18  Drone  
  51  4:20  Drone  
  51  4:22  Drone  
  54  4:26  Overlord  
  54  4:27  Drone  
  55  4:31  Drone  
  55  4:34  Drone  
  57  4:39  Drone, Roach Warren  
  57  4:44  Zergling x8  
  57  4:45  Drone  
  62  4:46  Extractor  
  62  4:48  Drone  
  62  4:51  Drone x2  
  64  4:53  Overlord  
  64  4:59  Drone  
  64  5:01  Drone  
  64  5:02  Overlord  
  64  5:06  Overlord  
  65  5:07  Lair  
  65  5:08  Overlord  
  65  5:15  Drone x5  
  65  5:19  Overlord  
  70  5:23  Roach x2  
  70  5:24  Overlord  
  74  5:29  Extractor, Roach x2  
  74  5:34  Roach  
  81  5:35  Drone x2  
  81  5:36  Spore Crawler  
  81  5:41  Evolution Chamber  
  81  5:43  Roach x2  
  81  5:45  Overlord  
  81  5:49  Drone x5  
  87  5:50  Drone  
  87  5:56  Roach x2, Evolution Chamber  
  92  5:58  Drone x2  
  92  5:59  Drone  
  92  6:00  Drone  
  96  6:06  Roach x3  
  96  6:09  Drone  
  96  6:10  Drone x2  
  103  6:13  Drone x2  
  103  6:14  Drone  
  103  6:17  Zerg Missile Weapons Level 1  
  106  6:22  Extractor  
  106  6:23  Roach  
  106  6:25  Overlord  
  105  6:30  Baneling Nest  
  104  6:34  Spore Crawler  
  104  6:36  Drone  
  104  6:37  Drone  
  104  6:38  Roach, Zergling x6  
  110  6:40  Overlord  
  110  6:42  Extractor  
  110  6:44  Drone  
  110  6:47  Roach x3, Hatchery  
  110  6:52  Zergling x8  
  118  6:56  Overlord  
  118  7:01  Roach  
  120  7:02  Overlord  
  120  7:04  Glial Reconstitution  
  120  7:06  Overlord  
  120  7:07  Zergling x10  
  125  7:12  Overlord  
  125  7:13  Centrifugal Hooks  
  125  7:14  Ravager  
  126  7:17  Roach, Zergling x4  
  126  7:20  Overlord  
  126  7:22  Overlord  
  129  7:26  Roach x3  
  133  7:31  Roach  
  133  7:35  Zergling x8  
  139  7:38  Overlord  
  139  7:39  Roach, Zergling x4  
  143  7:47  Overlord  
  143  7:48  Baneling x13  
  143  7:49  Zergling x4  
  145  7:53  Roach, Zergling x4  
  145  7:55  Overlord  
  145  7:56  Ravager  
  148  8:01  Roach, Zergling x4  
  148  8:04  Ravager  
  148  8:05  Roach, Zergling x6  
  158  8:08  Roach, Zergling x2  
  161  8:14  Roach x3  
  161  8:17  Roach x2  
  161  8:18  Roach  
  156  8:23  Drone x2  
  156  8:26  Drone x2  
  153  8:33  Zerg Melee Weapons Level 1  
  152  8:35  Zergling x2  
  152  8:38  Drone x5  
  158  8:44  Zergling x8  
  158  8:46  Hatchery  
  159  8:50  Zergling x8  
  163  8:56  Baneling  
  163  8:57  Baneling x12  
  163  9:01  Zergling x8  
  167  9:08  Roach, Zergling x8  
  173  9:12  Baneling x6  
  173  9:13  Drone  
  173  9:14  Drone  
  173  9:17  Drone x2  
  176  9:25  Roach, Zergling x8  
  174  9:33  Baneling x8  
  174  9:35  Roach, Zergling x2  
  174  9:36  Zergling x2  
  171  9:42  Roach, Zergling x8  
  171  9:43  Baneling  
  171  9:44  Baneling x3  
  177  9:46  Baneling x3  
  177  9:49  Zergling x4  
  178  9:54  Zergling x6  
  178  9:59  Roach, Zergling x6  
  175  10:00  Zergling x2  
  175  10:06  Roach, Zergling x8  
  160  10:12  Roach, Zergling x8  
  152  10:17  Zergling x4  
  135  10:21  Zergling x2  
  135  10:22  Zergling x4  
Tags
 
Add a new tag
Caveats
  • Supply blocks, unpowered buildings, or Contaminate may cause inaccurate times.
  • Supply counts are checked every 10 seconds.